Match 32784972
Unlisted

Match 32784972
End
Construct Barracks
Riflemen Squad
Riflemen Squad
Riflemen Squad
Grenade Package
Infantry Support Center
Construct Medical Station
Riflemen Squad
Construct Motor Pool
Selects Advanced Infantry Battlegroup
Selects Convert to Ranger Squad
Selects Designate Assault Position
M1 Anti-tank Gun Team
Convert to Ranger Squad
M1918 Browning Automatic Rifles
M8 Greyhound Armored Car
Advanced Logistics
Engineer Squad
Selects Ranger Weapon Training
M1 Anti-tank Gun Team
Survival Training
Selects Ammunition Storage
Selects M2A1 105mm Howitzer Emplacement
Riflemen Squad
Convert to Ranger Squad
Construct Tank Depot
Mortar Pit
M4A1 Sherman Medium Tank
Tango
Turtleboy
hifuj1335
小宇
0
0

Comments sign in to comment!

No comments posted yet!